 Dungeon Crawl Stone Soup version 0.24.0-41-g2ae2f7f1be (webtiles) character file.

Game seed: 16064651673350549690, levelgen mode: deterministic

123 H0rd4k the Magician (level 4, 0/24 HPs)
             Began as a Deep Elf Wizard on Dec 11, 2019.
             Succumbed to an adder's poison
             ... on level 2 of the Dungeon.
             The game lasted 00:03:59 (1992 turns).

H0rd4k the Magician (Deep Elf Wizard)               Turns: 1992, Time: 00:03:59

Health: 0/24       AC:  2    Str:  4    XL:     4   Next: 80%
Magic:  5/14       EV: 13    Int: 24    God:
Gold:   87         SH:  0    Dex: 13    Spells: 6/15 levels left

rFire    . . .     SeeInvis .   (no weapon)
rCold    . . .     Gourm    .   (no shield)
rNeg     . . .     Faith    .   a - +0 robe
rPois    .         Spirit   .   b - +0 hat
rElec    .         Reflect  .   (no cloak)
rCorr    .         Harm     .   (no gloves)
MR       .....                  (no boots)
Stlth    ++........             (no amulet)
HPRegen  0.08/turn              h - ring of flight
MPRegen  0.14/turn              (no ring)

@: lethally poisoned (0 -> -6)
A: no striking features
a: Evoke Flight


You were on level 2 of the Dungeon.
You were not hungry.

You visited 1 branch of the dungeon, and saw 2 of its levels.

You collected 87 gold pieces.

Inventory:

Armour
 a - a +0 robe (worn)
 b - a +0 hat (worn)
Jewellery
 h - a ring of flight (left hand)
Scrolls
 c - 4 scrolls of remove curse {unknown}
 g - a scroll of amnesia {unknown}
 i - a scroll of blinking {unknown}
 j - a scroll of random uselessness {unknown}
 k - a scroll of identify {unknown}
Potions
 e - a potion of berserk rage {unknown}
 f - 2 potions of ambrosia {unknown}
 l - a potion of haste {unknown}
Comestibles
 d - 4 rations


   Skills:
 + Level 3.0 Dodging
 + Level 3.1 Stealth
 + Level 6.4 Spellcasting
 + Level 2.4 Conjurations
   Level 1.1 Summonings
 + Level 1.1 Translocations


You had 6 spell levels left.
You knew the following spells:

 Your Spells              Type           Power        Failure   Level  Hunger
a - Magic Dart            Conj           ###.         2%          1    None
b - Blink                 Tloc           N/A          8%          2    None
c - Conjure Flame         Conj/Fire      ##......     14%         3    None
d - Mephitic Cloud        Conj/Pois/Air  ##......     16%         3    None

Your spell library contained the following spells:

 Spells                   Type           Power        Failure   Level  Hunger
 Call Imp                 Summ           ##......     8%          2    None
 Slow                     Hex            #.......     12%         2    None


Dungeon Overview and Level Annotations

Branches:
Dungeon (2/15)

Altars:


Message History

The goblin wields a +0 hunting sling.
The goblin shoots a sling bullet.
The sling bullet closely misses you.
The goblin shoots a sling bullet.
The sling bullet barely misses you.
The goblin shoots a sling bullet.
The sling bullet hits you.
The goblin shoots a sling bullet.
The sling bullet barely misses you.
You see here a sling bullet.
The goblin shoots a sling bullet.
The sling bullet hits you.
You see here a sling bullet.
The goblin shoots a sling bullet.
The sling bullet hits you.
* * * LOW HITPOINT WARNING * * *
An adder comes into view.
Your magical contamination has completely faded away.
The adder hisses angrily.
The adder bites you.
* * * LOW HITPOINT WARNING * * *
The adder bites you.
* * * LOW HITPOINT WARNING * * *
You are lethally poisoned!
The adder poisons you!
You die...

................#
............##.#._.#..
...........÷##..#.#..#
.................#...#
.....#....###........#
#.####..#............# ##........
..####(.###.........# #..(......
.......####...S.....####.........
.......(g.......@.....##.........
#.#.###.##..........#.###........
.(#.# #..#......................
..#.# ##...#................#####
..#.####............[........÷(#.
..#.##...#...............##)#....
#...##.###................).####.
.....#.###...............(### ##
.........##.........#.)....#


You could see an adder.

Vanquished Creatures
  An orc priest (D:2)
  An orc wizard (D:2)
  Robin (D:2)
  2 worms (D:2)
  2 orcs (D:2)
  8 bats
  A giant cockroach (D:2)
  8 goblins
  7 hobgoblins
  2 jackals (D:1)
  5 kobolds
  A quokka (D:2)
  2 frilled lizards (D:2)
  2 rats
43 creatures vanquished.

Notes
Turn   | Place    | Note
-------+----------+-------------------------------------------
     0 | D:1      | H0rd4k the Deep Elf Wizard began the quest for the Orb.
     0 | D:1      | Reached XP level 1. HP: 10/10 MP: 7/7
   311 | D:1      | Reached skill level 5 in Spellcasting
   324 | D:1      | Reached XP level 2. HP: 15/15 MP: 2/10
  1316 | D:2      | Reached XP level 3. HP: 19/19 MP: 2/12
  1325 | D:2      | Learned a level 2 spell: Blink
  1329 | D:2      | Learned a level 3 spell: Conjure Flame
  1333 | D:2      | Learned a level 3 spell: Mephitic Cloud
  1440 | D:2      | Reached skill level 6 in Spellcasting
  1440 | D:2      | Reached XP level 4. HP: 24/24 MP: 5/14
  1658 | D:2      | Noticed Robin
  1837 | D:2      | Found a faded altar of an unknown god.
  1940 | D:2      | Killed Robin
  1991 | D:2      | HP: 1/24 [adder (4)]
  1992 | D:2      | Succumbed to an adder's poison

Levels and vault maps discovered:
D:1:      lightli_molten_gateway, layout_basic
D:2:      layout_rooms, chequers_ecumenical_altar_simple_redux,
          grunt_ministairs_6, uniq_robin

Skill      XL: |  1  2  3  4 |
---------------+-------------+-----
Spellcasting   | 5 6 |  6.4
Dodging        | 3 |  3.0
Stealth        | 3 |  3.1
Conjurations   | 2 |  2.4
Summonings     | |  1.1
Translocations | |  1.1

Action                   |  1- 3 |  4- 6 || total
-------------------------+-------+-------++-------
Melee: Unarmed           |     2 |       ||     2
 Cast: Magic Dart        |    74 |    64 ||   138
  Eat: Chunk             |     1 |     2 ||     3
Armor: Robe              |     2 |     1 ||     3
Dodge: Dodged            |    12 |    11 ||    23
